 Dungeon Crawl Stone Soup version 0.26-a0-259-g1effd001a9 (webtiles) character file.

Game seed: 7753061831137785680

554 vurker the Chiller (level 7, 0/40 HPs)
             Began as a Kobold Ice Elementalist on July 15, 2020.
             Was an Initiate of Vehumet.
             Slain by Grinder (8 damage)
             ... on level 4 of the Dungeon.
             The game lasted 00:09:12 (5240 turns).

vurker the Chiller (Kobold Ice Elementalist)        Turns: 5240, Time: 00:09:12

Health: 0/40       AC:  4    Str:  6    XL:     7   Next: 55%
Magic:  5/13       EV: 15    Int: 24    God:    Vehumet [......]
Gold:   209        SH:  5    Dex: 15    Spells: 2/14 levels left

rFire    + . .     SeeInvis .   i - +1 dagger (venom)
rCold    . . .     Faith    .   p - +0 buckler
rNeg     . . .     Spirit   .   a - +0 robe
rPois    .         Reflect  .   (no helmet)
rElec    .         Harm     .   (no cloak)
rCorr    .                      q - +1 pair of gloves
MR       .....                  (no boots)
Stlth    ++........             (no amulet)
HPRegen  0.13/turn              o - ring of protection from fire
MPRegen  0.13/turn              y - +6 ring of intelligence

@: very slightly contaminated
A: small
a: Renounce Religion


You were on level 4 of the Dungeon.
You worshipped Vehumet.
Vehumet was noncommittal.
You were not hungry.

You visited 2 branches of the dungeon, and saw 5 of its levels.

You collected 209 gold pieces.

Inventory:

Hand Weapons
 i - a +1 dagger of venom (weapon)
   (You found it on level 3 of the Dungeon)
Armour
 a - a +0 robe (worn)
 p - a +0 buckler (worn)
   (You found it on level 2 of the Dungeon)
 q - a +1 pair of gloves (worn)
   (You found it on level 2 of the Dungeon)
Jewellery
 o - a ring of protection from fire (left hand)
   (You found it on level 2 of the Dungeon)
 y - a +6 ring of intelligence (right hand)
   (You found it on level 4 of the Dungeon)
Wands
 b - a wand of polymorph (10)
   (You found it on level 4 of the Dungeon)
 d - a wand of iceblast (7)
   (You found it on level 3 of the Dungeon)
Scrolls
 c - a scroll of enchant armour
 g - 2 scrolls of amnesia {unknown}
 k - a scroll of remove curse
 l - a scroll of blinking {unknown}
 u - 2 scrolls of fog {unknown}
 w - a scroll of random uselessness {unknown}
 x - a scroll of magic mapping {unknown}
 z - 2 scrolls of identify
Potions
 f - a potion of might
 h - a potion of stabbing {unknown}
 j - a potion of curing
 m - a potion of degeneration {unknown}
 n - 2 potions of mutation
 r - 2 potions of lignification
 s - 2 potions of brilliance
 t - a potion of resistance {unknown}
 v - a potion of cancellation {unknown}
Comestibles
 e - 10 rations


   Skills:
 + Level 2.6 Fighting
 - Level 2.4 Dodging
 - Level 2.6 Stealth
 * Level 2.1 Shields
 * Level 4.3 Spellcasting
 * Level 2.6 Conjurations
 * Level 1.3 Summonings
 * Level 5.6 Ice Magic


You had 2 spell levels left.
You knew the following spells:

 Your Spells              Type           Power        Failure   Level
a - Freeze                Ice            ####         1%          1
b - Frozen Ramparts       Ice            ####..       3%          3
c - Hailstorm             Conj/Ice       ###.....     24%         4
d - Summon Ice Beast      Ice/Summ       ###.....     30%         4

Your spell library contained the following spells:

 Spells                   Type           Power        Failure   Level
 Ozocubu's Armour         Chrm/Ice       ###.....     12%         3


Dungeon Overview and Level Annotations

Branches:
Dungeon (4/15)             Temple (1/1) D:4

Altars:
Dithmenos
Fedhas
Gozag
Nemelex Xobeh
Okawaru
Ru
Sif Muna
Uskayaw
Vehumet
Xom

Annotations:
D:4 Grinder


Message History

You freeze the orc!
You kill the orc!
You can't see any susceptible monsters within range! (Use Z to cast anyway.)
You enter the shallow water.
Moving in this stuff is going to be slow.
There is a staircase to the Ecumenical Temple here.
You climb downwards.
Welcome to the Ecumenical Temple!
There is a staircase back to the Dungeon here.
Found a hide-covered altar of Uskayaw.
Found a shimmering blue altar of Sif Muna.
Found a shadowy altar of Dithmenos.
Found a shimmering altar of Xom.
Found a radiant altar of Vehumet.
Found a blossoming altar of Fedhas.
Found a sacrificial altar of Ru.
There is a radiant altar of Vehumet here.
You kneel at the altar of Vehumet.
Vehumet welcomes you!
There is a staircase back to the Dungeon here.
You climb upwards.
Welcome back to the Dungeon!
Level annotation: Grinder
There is a staircase to the Ecumenical Temple here.
Grinder is nearby!
You enter the shallow water.
Moving in this stuff is going to be slow.
Grinder shouts!
Grinder gestures at you.
You suddenly lose the ability to move!
You can move again.
Unknown command.
The spell is quite dangerous to cast (30% risk of failure)!
Continue anyway?
You miscast Summon Ice Beast.
You are very lightly contaminated with residual magic.
You shiver with cold!
The spell is quite dangerous to cast (30% risk of failure)!
Continue anyway?
A chill wind blows around you.
The mass of ice explodes!
The iceblast engulfs Grinder!
Grinder partially resists.
Grinder hits you!
You writhe in agony.
* * * LOW HITPOINT WARNING * * *
Your ice beast hits Grinder.
Your ice beast freezes Grinder.
Grinder resists.
The mass of ice explodes!
The iceblast engulfs Grinder.
Grinder partially resists.
Grinder hits you!
* * * LOW HITPOINT WARNING * * *
You writhe in agony.
* * * LOW HITPOINT WARNING * * *
Your ice beast hits Grinder but does no damage.
Unknown command.
The mass of ice explodes!
The iceblast engulfs Grinder.
Grinder partially resists.
Grinder hits you!
You die...

#..............
#............... ...
................. ...
.................. ...
.................. ....
................... .....
#................... .#...♣
#.......≈§§.@....... .....♣.
#......≈≈§≈≈5Y...... .....♣.♣
#.....§§≈§≈§§............♣.♣.
#.....§§§>≈§≈...........♣.♣._
#.....≈≈≈§≈§≈............♣.♣.
#......≈≈§≈≈..............♣.♣
#.......§§≈................♣.
#.......................#...♣
#..[.........................


You could see Grinder and a friendly ice beast (summoned).

Vanquished Creatures
  An ogre (D:3)
  5 orc priests
  An orc wizard (D:4)
  An iguana (D:4)
  3 worker ants (D:4)
  A river rat (D:4)
  7 adders
  3 oozes (D:3)
  4 worms
  4 dart slugs
  3 leopard geckos
  8 orcs
  2 ball pythons (D:4)
  4 giant cockroaches
  6 goblins
  10 hobgoblins
  6 jackals (D:3)
  8 kobolds
  A quokka (D:3)
  12 bats
  5 frilled lizards
  8 rats
103 creatures vanquished.

Notes
Turn   | Place    | Note
-------+----------+-------------------------------------------
     0 | D:1      | vurker the Kobold Ice Elementalist began the quest for the
                  | Orb.
     0 | D:1      | Reached XP level 1. HP: 10/10 MP: 3/3
   270 | D:1      | Reached XP level 2. HP: 16/16 MP: 3/5
   560 | D:1      | Reached XP level 3. HP: 18/20 MP: 0/7
   666 | D:1      | Reached skill level 1 in Fighting
  1112 | D:2      | Learned a level 3 spell: Frozen Ramparts
  1321 | D:2      | Reached XP level 4. HP: 19/25 MP: 5/8
  1538 | D:2      | Learned a level 4 spell: Hailstorm
  1784 | D:2      | Found a faded altar of an unknown god.
  2581 | D:3      | Reached XP level 5. HP: 30/30 MP: 9/9
  2957 | D:3      | Reached skill level 1 in Conjurations
  3170 | D:3      | Found a sparkling altar of Nemelex Xobeh.
  3178 | D:3      | Reached skill level 5 in Ice Magic
  3362 | D:4      | Noticed Grinder
  3421 | D:4      | Reached skill level 1 in Shields
  3456 | D:4      | Found an iron altar of Okawaru.
  3459 | D:4      | Noticed an ogre
  3800 | D:3      | Killed an ogre
  3800 | D:3      | Reached XP level 6. HP: 35/35 MP: 1/11
  4091 | D:3      | Learned a level 4 spell: Summon Ice Beast
  4164 | D:4      | Found an opulent altar of Gozag.
  4189 | D:3      | Reached XP level 7. HP: 20/40 MP: 6/13
  4359 | D:4      | Reached skill level 1 in Summonings
  4360 | D:4      | Paralysed by Grinder for 3 turns
  4588 | D:4      | Paralysed by Grinder for 2 turns
  4595 | D:4      | Paralysed by Grinder for 4 turns
  5103 | D:4      | Found a staircase to the Ecumenical Temple.
  5119 | Temple   | Entered the Ecumenical Temple
  5214 | Temple   | Became a worshipper of Vehumet
  5228 | D:4      | Paralysed by Grinder for 7 turns
  5240 | D:4      | Slain by Grinder

Illustrated notes

Levels and vault maps discovered:
D:1:      psy_arrival_whirlpool, layout_basic
D:2:      layout_loops_cross, chequers_ecumenical_altar_grove, minivault_14
D:3:      minmay_evil_eye, layout_basic, nemelex_dance_club_becter
D:4:      layout_layer_cave, nicolae_gozag_cash_rules_everything_around_me,
          okawaru_trees_2, minmay_temple_entry_mist, first_ration,
          portal_sewer_entry_c, uniq_grinder
Temple:   jpeg_temple_clearing

Skill      XL: |  1  2  3  4  5  6  7 |
---------------+----------------------+-----
Fighting       | 1 2 |  2.6
Spellcasting   | 3 4 |  4.3
Conjurations   | 1 2 |  2.6
Ice Magic      | 5 |  5.6
Shields        | 1 2 |  2.1
Summonings     | 1 |  1.3
Dodging        | |  2.4
Stealth        | |  2.6

Action                   |  1- 3 |  4- 6 |  7- 9 || total
-------------------------+-------+-------+-------++-------
Melee: Unarmed           |     2 |       |       ||     2
       Dagger            |     5 |    68 |     8 ||    81
       Short sword       |     5 |     8 |       ||    13
 Cast: Freeze            |    41 |    46 |    24 ||   111
       Frozen Ramparts   |     1 |     7 |     3 ||    11
       Summon Ice Beast  |       |       |     2 ||     2
Evoke: Wand              |       |       |     3 ||     3
  Use: Scroll            |       |     8 |       ||     8
 Stab: Sleeping          |       |     7 |     1 ||     8
  Eat: Ration            |     1 |     2 |     1 ||     4
Armor: Robe              |    13 |    13 |     9 ||    35
Dodge: Dodged            |    47 |    61 |    22 ||   130
Block: Buckler           |       |    18 |     6 ||    24

Table legend:
 A = Non-vault XP
 B = Vault XP
 C = Vault XP percentage of total XP
 D = Non-vault monster count
 E = Vault monster count
 F = Vault count percentage of total count
                 A         B        C        D         E       F
            +---------+---------+-------+---------+---------+-------
      Total |     726 |      66 |   8.3 |      91 |      12 |  11.7
            +---------+---------+-------+---------+---------+-------
        D:1 |      48 |       0 |   0.0 |      26 |       0 |   0.0
        D:2 |      53 |       0 |   0.0 |      16 |       0 |   0.0
        D:3 |     289 |      30 |   9.4 |      30 |       7 |  18.9
        D:4 |     336 |      36 |   9.7 |      19 |       5 |  20.8
            +---------+---------+-------+---------+---------+-------
